Map: Overgrown Facility

Players

foué

  • Race: Zerg Zerg
  • League: Gold
  • Spawn Location: 7:00

godss

  • Race: Terran Terran
  • Spawn Location: 9:00

Demn

  • Race: Terran Terran
  • League: Gold
  • Spawn Location: 3:00

ILIEKEGGPIE

  • Race: Protoss Protoss
  • League: Platinum
  • Spawn Location: 1:00

VOD

Have the link to the VOD?

Description

Time

  • Played on: April 18, 2018, 9:11 p.m.
  • Length: 15:56
Show
View Real Time Build Order
Export as new Build Order

foué Zerg 

Build Orders: Pool First, Lurkers 

Get SALT Encoding   

  12  0:02  Drone  
  13  0:11  Drone  
  14  0:22  Overlord  
  14  0:28  Extractor  
  13  0:30  Extractor  
  13  0:31  Drone x2  
  16  0:47  Drone  
  17  0:52  Spawning Pool  
  17  0:54  Drone  
  17  1:16  Hatchery  
  17  1:17  Drone  
  17  1:22  Drone  
  18  1:27  Extractor  
  17  1:39  Zergling x2  
  18  1:40  Queen  
  18  1:43  Drone  
  21  1:57  Overlord  
  21  1:58  Drone  
  22  2:17  Extractor  
  22  2:18  Drone  
  22  2:24  Drone  
  22  2:28  Queen  
  22  2:29  Drone  
  26  2:35  Zergling x2  
  26  3:03  Drone  
  26  3:04  Drone  
  28  3:08  Drone x3  
  31  3:23  Overlord  
  31  3:25  Zergling x4  
  33  3:28  Metabolic Boost  
  33  3:31  Lair  
  33  3:36  Hatchery  
  31  3:59  Zergling x4  
  31  4:00  Zergling x2  
  34  4:04  Baneling Nest  
  33  4:18  Drone x5  
  33  4:22  Extractor  
  37  4:33  Drone x2  
  37  4:34  Extractor  
  37  4:36  Queen  
  40  4:42  Hydralisk Den  
  39  4:48  Evolution Chamber, Zergling x8  
  39  4:49  Zergling x2  
  43  5:01  Baneling x6  
  43  5:02  Baneling  
  43  5:04  Centrifical Hooks  
  43  5:06  Drone x3  
  47  5:07  Drone x3  
  46  5:42  Overseer  
  46  5:46  Overlord  
  46  5:47  Overlord x2  
  46  5:53  Spore Crawler  
  46  5:55  Overseer  
  45  6:15  Overseer  
  45  6:16  Hydralisk x2  
  49  6:26  Spore Crawler  
  49  6:28  Spine Crawler  
  47  6:36  Lurker Den  
  47  6:38  Zerg Ground Armor Level 1  
  47  6:39  Hydralisk  
  46  6:40  Hydralisk  
  50  6:47  Pneumatized Carapace  
  50  6:50  Overseer  
  48  7:03  Zergling x6  
  51  7:16  Hydralisk x2  
  51  7:17  Hydralisk x3  
  61  7:28  Overlord x2  
  61  7:30  Drone x3  
  61  7:32  Grooved Spines  
  61  8:05  Hydralisk x4  
  61  8:06  Hydralisk x2  
  73  8:16  Overseer  
  73  8:18  Overlord  
  73  8:28  Lurker  
  73  8:32  Lurker  
  73  8:33  Lurker  
  76  8:45  Zerg Missile Weapons Level 1  
  76  8:48  Zergling x4  
  78  9:14  Zergling x2  
  78  9:15  Zergling x4  
  46  10:21  Hydralisk x3  
  46  10:28  Hydralisk x3  
  49  10:29  Hydralisk x6  
  67  10:37  Overseer  
  67  10:40  Queen  
  67  10:41  Hydralisk  
  71  10:53  Lurker x2  
  71  10:54  Lurker  
  74  11:15  Queen  
  76  11:35  Zergling x10  
  81  11:40  Overlord x4  
  81  11:41  Overlord x5  
  81  11:58  Queen  
  83  12:22  Hydralisk x6  
  87  12:23  Hydralisk x3  
  101  12:43  Lurker  
  102  12:44  Hydralisk x2  
  106  13:00  Nydus Network  
  105  13:12  Spore Crawler  
  104  13:25  Hydralisk x4  
  104  13:26  Hydralisk x2  
  116  13:33  Overseer x2  
  116  14:56  Nydus Canal  
  116  15:03  Overseer  
Show
View Real Time Build Order
Export as new Build Order

godss Terran 

Build Orders:  

Get SALT Encoding   

  12  0:02  SCV  
  13  0:14  SCV  
  14  0:23  Supply Depot  
  14  0:26  SCV  
  15  0:45  SCV  
  15  0:48  Barracks  
  16  0:53  Refinery  
  16  0:57  SCV  
  16  0:58  Refinery  
  17  1:09  SCV  
  18  1:21  SCV  
  19  1:33  SCV  
  19  1:35  Marine  
  19  1:37  Supply Depot  
  21  1:45  SCV  
  22  1:53  Marine  
  23  1:58  SCV  
  24  2:04  Factory  
  24  2:10  Marine  
  24  2:11  SCV  
  26  2:28  Marine  
  27  2:46  Marine  
  27  2:48  Factory Reactor  
  28  3:07  Supply Depot  
  28  3:08  Orbital Command  
  28  3:27  Cyclone  
  28  3:28  Cyclone  
  28  3:29  Supply Depot  
  34  3:59  Cyclone, Command Center  
  34  4:00  Cyclone  
  40  4:31  Cyclone  
  40  4:32  Cyclone  
  46  4:39  SCV  
  47  4:51  SCV  
  48  5:03  SCV  
  48  5:05  Refinery  
  49  5:12  Cyclone x2  
  49  5:13  Refinery  
  55  5:22  SCV  
  55  5:34  SCV  
  39  6:15  SCV  
  40  6:19  Cyclone  
  40  6:20  Cyclone  
  46  6:28  SCV  
  47  6:33  Orbital Command  
  47  6:40  SCV  
  48  6:52  Cyclone x2  
  42  7:21  SCV  
  37  7:55  Armory  
  37  7:57  Supply Depot  
  37  8:04  Factory Tech Lab  
  37  8:26  Factory  
  37  8:44  Engineering Bay  
  37  8:54  Thor  
  43  8:59  Terran Vehicle Weapons Level 1  
  43  9:08  SCV  
  44  9:17  Missile Turret  
  44  9:19  Factory Tech Lab  
  44  9:20  SCV  
  45  9:24  Supply Depot  
  45  9:32  SCV  
  46  9:42  Thor x2  
  46  9:44  SCV  
  59  9:56  SCV  
  57  10:25  Thor  
  60  10:33  Thor  
  54  11:08  Thor  
  48  11:15  Thor  
  54  12:06  Thor x2  
  66  12:49  Thor x2  
  78  12:58  Terran Vehicle Weapons Level 2  
  79  13:20  SCV  
  79  13:32  Thor x2  
  91  13:43  Missile Turret  
  91  14:14  Thor  
  91  14:15  Thor  
  103  14:36  Command Center  
  103  14:57  Thor  
  109  15:05  Supply Depot  
  109  15:27  Supply Depot  
  109  15:50  Supply Depot  
Show
View Real Time Build Order
Export as new Build Order

Demn Terran 

Build Orders:  

Get SALT Encoding   

  12  0:00  SCV  
  13  0:17  Supply Depot  
  13  0:18  SCV  
  14  0:41  Barracks, Supply Depot  
  14  0:44  SCV  
  15  1:01  Barracks  
  15  1:13  Barracks  
  15  1:27  Barracks  
  15  1:29  Marine  
  16  1:34  SCV  
  17  1:42  Refinery  
  17  1:46  SCV  
  18  1:50  Marine  
  18  1:54  Marine  
  20  2:01  Marine  
  21  2:03  SCV  
  22  2:09  Marine  
  22  2:13  Supply Depot  
  23  2:17  Marine  
  23  2:22  Marine  
  25  2:25  Marine  
  25  2:29  Marine  
  27  2:35  Marine  
  28  2:47  Marine x2  
  28  2:48  Marine  
  31  3:13  Bunker  
  31  3:17  Bunker  
  31  3:30  Factory  
  31  3:48  Marine, Barracks Tech Lab  
  31  3:49  Marine x2  
  34  4:06  Marine x2  
  36  4:30  Command Center  
  36  4:36  Siege Tank  
  39  4:43  Supply Depot  
  39  4:45  Supply Depot  
  39  4:48  Refinery  
  39  5:05  SCV  
  40  5:17  SCV  
  26  5:39  Marine x4  
  30  5:50  Siege Tank  
  30  5:57  Marine x4  
  37  6:14  Marine  
  37  6:15  Marine x3  
  41  6:22  Siege Tank  
  44  6:28  Factory  
  44  6:32  Marine x3  
  45  6:33  Marine  
  48  6:40  SCV  
  48  6:45  SCV  
  50  6:52  SCV  
  31  7:04  SCV  
  32  7:09  Marine x4  
  36  7:17  SCV  
  36  7:22  Factory Tech Lab  
  37  7:25  Supply Depot  
  37  7:27  Marine x2  
  39  7:36  Siege Tank  
  42  7:55  SCV  
  42  7:56  Supply Depot  
  42  7:57  Marine x2  
  42  7:58  Marine x2  
  47  8:07  Widow Mine, SCV  
  50  8:15  Marine x3  
  50  8:16  Marine  
  50  8:19  SCV  
  54  8:37  Orbital Command  
  54  8:40  SCV  
  55  8:42  Refinery  
  55  8:43  Refinery  
  55  8:45  Supply Depot  
  55  8:48  Barracks  
  55  8:52  Barracks, SCV  
  55  8:54  Barracks Reactor  
  56  8:56  Barracks Reactor  
  56  8:57  Barracks Tech Lab  
  56  9:05  Barracks Reactor  
  44  10:15  Marine  
  44  10:16  Marine x8  
  53  10:24  Siege Tank  
  56  10:32  Siege Tank  
  56  10:33  Marine  
  56  10:34  Marine x8  
  68  10:44  SCV  
  69  10:51  Marine x3  
  69  10:52  Marine x6  
  69  10:54  Starport  
  69  10:56  Starport, SCV  
  79  11:04  Starport  
  79  11:09  Marine x6  
  85  11:20  Stimpack  
  85  11:22  Siege Tank  
  88  11:31  Medivac  
  88  11:32  Medivac  
  92  11:45  Medivac  
  94  11:48  Supply Depot  
  94  11:51  Supply Depot  
  94  12:10  Medivac x2, SCV  
  99  12:21  Engineering Bay  
  99  12:23  Engineering Bay  
  99  12:35  Siege Tank  
  99  12:36  Siege Tank  
  105  12:55  Marine  
  105  12:56  Marine x4  
  110  13:18  Supply Depot  
  110  13:19  Starport Tech Lab  
  110  13:22  Starport Tech Lab  
  110  13:24  Starport Tech Lab  
  110  13:39  Marine x3, Siege Tank  
  116  13:53  Command Center  
  116  14:10  Supply Depot  
  116  14:14  Supply Depot  
  116  14:15  Fusion Core  
  116  14:21  Starport, SCV  
  117  14:31  Siege Tank  
  117  14:33  SCV  
  121  14:52  Missile Turret  
  121  14:56  Missile Turret  
  121  15:00  Starport Tech Lab  
  121  15:08  SCV  
  121  15:13  Missile Turret  
Show
View Real Time Build Order
Export as new Build Order

ILIEKEGGPIE Protoss 

Build Orders: Dark Templar Rush 

Get SALT Encoding   

  12  0:02  Probe  
  13  0:14  Probe  
  14  0:24  Pylon  
  14  0:29  Probe  
  15  0:42  Probe  
  16  0:53  Probe  
  16  0:54  Gateway  
  16  0:55  Gateway  
  17  1:01  Probe  
  17  1:09  Probe  
  19  1:22  Assimilator  
  19  1:25  Pylon  
  19  1:26  Probe  
  20  1:36  Assimilator  
  20  1:38  Probe  
  21  1:49  Cybernetics Core  
  21  2:00  Probe  
  22  2:12  Probe  
  22  2:14  Nexus  
  23  2:23  Pylon  
  23  2:27  Zealot  
  23  2:32  Twilight Council  
  25  2:39  Warp Gate  
  24  3:17  Dark Shrine  
  23  3:26  Probe  
  23  3:30  Probe  
  25  3:35  Probe  
  26  3:42  Probe  
  27  3:56  Pylon  
  27  3:57  Pylon  
  27  4:00  Probe  
  28  4:05  Pylon  
  28  4:08  Probe  
  28  4:16  Probe  
  29  4:18  Robotics Facility  
  30  4:26  Gateway  
  30  4:27  Gateway  
  30  4:28  Probe  
  31  4:40  Probe  
  31  4:43  Dark Templar  
  31  4:44  Dark Templar  
  36  4:59  Probe  
  37  5:00  Probe  
  37  5:02  Charge  
  38  5:12  Probe  
  37  6:02  Dark Templar x2  
  41  6:04  Probe x2  
  41  6:11  Assimilator x2  
  43  6:16  Probe  
  42  6:23  Zealot x2  
  46  6:27  Pylon  
  46  6:28  Pylon  
  46  6:31  Gateway  
  46  6:35  Gateway  
  46  6:38  Forge  
  46  6:41  Forge  
  46  6:55  Stalker x2  
  46  6:56  Stalker x2  
  54  7:04  Protoss Ground Weapons Level 1  
  54  7:05  Protoss Ground Armor Level 1  
  46  7:52  Zealot x2  
  46  7:53  Zealot x2  
  46  7:54  Sentry x2  
  52  8:12  Robotics Facility  
  52  8:16  Dark Templar  
  52  8:17  Dark Templar  
  56  8:20  Zealot  
  56  8:21  Zealot  
  56  8:24  Archon  
  60  8:46  Protoss Ground Armor Level 2, Protoss Ground Weapons Level 2  
  60  8:47  Nexus  
  60  8:49  Zealot x3  
  60  8:50  Pylon  
  60  8:51  Probe x2  
  60  8:53  Pylon  
  68  9:03  Probe  
  69  9:12  Stalker x3  
  69  9:13  Stalker  
  77  9:21  Gateway  
  77  9:22  Gateway  
  77  9:23  Gateway  
  77  9:25  Gateway  
  77  9:45  Stalker x3  
  81  9:46  Stalker  
  81  9:47  Observer  
  68  10:27  Pylon  
  68  10:30  Pylon  
  68  10:36  Probe  
  69  10:46  Pylon x2  
  69  10:48  Pylon  
  57  11:09  Protoss Ground Weapons Level 3  
  57  11:10  Protoss Ground Armor Level 3  
  42  11:25  Stalker x2  
  44  11:26  Dark Templar x3  
  44  11:31  Gateway  
  44  11:32  Gateway  
  52  11:34  Gateway  
  52  11:40  Probe  
  52  11:44  Probe x2  
  55  11:48  Archon  
  55  11:50  Dark Templar x3  
  61  12:05  Zealot  
  61  12:06  Zealot x2  
  67  12:09  Archon  
  67  12:10  Archon  
  67  12:19  Probe  
  67  12:23  Probe  
  69  12:43  Dark Templar  
  69  12:44  Dark Templar x2  
  73  12:45  Zealot x2  
  73  12:46  Zealot x4  
  87  13:01  Archon  
  87  13:10  Assimilator  
  87  13:14  Assimilator  
  87  13:15  Pylon  
  87  13:16  Sentry, Pylon  
  87  13:17  Sentry x4, Pylon  
  87  13:18  Sentry  
  87  13:19  Zealot x3  
  105  13:38  Nexus  
  105  13:40  Pylon  
  105  13:43  Pylon  
  105  13:59  Probe x3  
  108  14:16  Zealot x3  
  114  14:17  Zealot x6  
  126  14:30  Assimilator  
  126  14:31  Assimilator  
  126  14:37  Gateway  
  126  14:39  Gateway  
  126  14:42  Robotics Facility  
  126  14:44  Robotics Facility  
  126  14:47  Robotics Facility  
  126  14:55  Colossus x2  
  126  14:58  Stalker  
  126  14:59  Stalker x4  
  136  15:00  Stalker x3  
Tags
 
Add a new tag
Caveats
  • Supply blocks, unpowered buildings, or Contaminate may cause inaccurate times.
  • Supply counts are checked every 10 seconds.